 Dungeon Sprint DCSS version 0.27-a0-67-g4bfc8a49e1 (webtiles) character file.

Game seed: 421180830594487071

218420 reriks the Invulnerable (level 18, -12/145 HPs)
             Began as a Gargoyle Berserker on Jan 4, 2021.
             Was the Champion of Trog.
             Killed from afar by a hellion (14 damage)
             ... with damnation
             ... in the Dungeon (Sprint III: "The Ten Rune Challenge") on Jan 9, 2021.
             The game lasted 00:53:23 (17574 turns).

reriks the Invulnerable (Gargoyle Berserker)       Turns: 17574, Time: 00:53:24

Health: -12/145    AC: 51    Str: 28    XL:     18   Next: 5%
Magic:  18/18      EV: 17    Int:  9    God:    Trog [******]
Gold:   511        SH:  0    Dex:  7    Spells: 17/17 levels left

rFire    + + .     SeeInvis .   r - +8 great mace "Podam" {vorpal, rElec}
rCold    x . .     Faith    .   (shield currently unavailable)
rNeg     + . .     Spirit   .   w - +5 plate armour {rF+}
rPois    ∞         Reflect  .   q - +1 hat {Will+}
rElec    +         Harm     .   H - +0 cloak {Will+}
rCorr    .         Rampage  .   a - +1 pair of gloves {archery}
Will     +++..     NoTele   +   L - +2 pair of boots {Fly}
Stlth    ..........             E - amulet of regeneration
HPRegen  0.74/turn              v - ring of fire
MPRegen  0.16/turn              I - +4 ring of slaying

@: flying, studying Evocations
A: big wings, clumsy 1, negative energy resistance 1, electricity resistance,
unbreathing, petrification resistance, miasma immunity, AC +13
}: 3/10 runes: decaying, barnacled, silver
a: Stop Flying, Renounce Religion, Berserk, Trog's Hand, Brothers in Arms


You were in the Dungeon.
You worshipped Trog.
Trog was exalted by your worship.
You visited 1 branch You collected 4033 gold pieces.
You spent 3522 gold pieces at shops.

Inventory:

Hand Weapons
 r - the +8 great mace "Podam" (weapon) {vorpal, rElec}
   (Trog gifted it to you in the Dungeon)

   It inflicts extra damage upon your enemies.
   It insulates you from electricity.
Missiles
 j - 23 poisoned darts
 O - 4 javelins (quivered)
Armour
 a - a +1 pair of gloves of archery (worn)
 q - a +1 hat of willpower (worn)
 w - a +5 plate armour of fire resistance (worn)
 C - a +1 helmet of see invisible
 H - a +0 cloak of willpower (worn)
 L - a +2 pair of boots of flying (worn)
Jewellery
 b - an uncursed ring of wizardry {unknown}
 v - a ring of fire (left hand)
 z - a +6 ring of dexterity
 D - a +4 ring of evasion
 E - an amulet of regeneration (around neck)
 F - an uncursed ring of see invisible
 I - a +4 ring of slaying (right hand)
 N - a cursed ring of protection from fire
 S - an uncursed amulet of the acrobat
 V - the ring of Kisov {rElec rC- AC+4 Int+3}
   (You found it in the Dungeon)

   [ring of protection]

   It affects your AC (+4).
   It affects your intelligence (+3).
   It makes you vulnerable to cold.
   It insulates you from electricity.
 W - an uncursed amulet of magic regeneration
Wands
 B - a wand of acid (7)
 M - a wand of digging (4)
 P - a wand of disintegration (16)
 X - a wand of enslavement (4)
Scrolls
 l - a scroll of holy word
 n - 2 scrolls of remove curse
 A - 8 scrolls of identify
 R - a scroll of blinking
 T - 2 scrolls of silence
 U - a scroll of amnesia
Potions
 c - 5 potions of curing
 d - 7 potions of heal wounds
 e - 5 potions of haste
 f - 3 potions of magic
 g - a potion of berserk rage
 i - a potion of brilliance {unknown}
 k - 2 potions of mutation
 m - 2 potions of might
 o - a potion of lignification {unknown}
 p - 9 potions of flight
 s - a potion of degeneration {unknown}
 x - 2 potions of resistance
 G - a potion of invisibility
Books
 Z - a manual of Evocations


   Skills:
 O Level 27 Fighting
 - Level 26.8 Maces & Flails
 + Level 15.9 Throwing
 O Level 27 Armour
 + Level 22.6 Dodging


You had 17 spell levels left.
You didn't know any spells.
Your spell library was empty.

Dungeon Overview and Level Annotations

Branches:
Dungeon (1/1)

Altars:
Dithmenos
Elyvilon
Fedhas
Kikubaaqudgha
Okawaru
Ru
Sif Muna
Trog
Uskayaw
Vehumet
Wu Jian
Yredelemnul
Zin
The Shining One
Beogh

Shops:
D !(:[:(!![!}!=:**(?!}([[

Annotations:
D exclusion: statue


Innate Abilities, Weirdness & Mutations

You are resistant to torment.
Your stone body is resilient. (AC +13)
You are immune to poison.
Your large and strong wings let you fly indefinitely.
You resist negative energy. (rN+)
You are resistant to electric shocks. (rElec)
You can survive without breathing.
You are immune to petrification.
You are immune to miasma.
You are clumsy. (Dex -2)


Message History

Throw: 5 javelins
Press: ? - help, Q - select action, (/) - cycle Shift-Dir - straight line, f - hellion
Aim: a hellion You throw a javelin.
The javelin pierces through the hellion!
The hellion is moderately wounded.
The javelin closely misses the hellion.
The hellion gestures at you.
The sphere of damnation explodes!
The damnation engulfs you! The hellion gestures at you.
The sphere of damnation explodes!
The damnation engulfs you!! The hellion gestures at you.
The sphere of damnation explodes!
The damnation engulfs you!!
* * * LOW HITPOINT WARNING * * *
The hellion gestures at you.
The sphere of damnation explodes!
The damnation engulfs you!!
* * * LOW HITPOINT WARNING * * *
The hellion gestures at you.
The sphere of damnation explodes!
The damnation engulfs you!
You die...

#≈≈....22###▓#*,*,,+,,*
#≈≈≈≈.222≈≈§≈#*,****,^*
#.§≈≈≈≈≈≈≈≈≈.#*,*,,**+*
#.≈≈≈§≈≈≈≈≈§.#*,*,,*,^*
#§..§≈≈≈≈☼...#*^+,,*,,*
#§§☼..≈≈..☼§§#******++*
#§§○§.......§#**,*,*,,*
#8§§§.....°.8#*^,,,,,^,
▓######@#############+##
▓.......)...............
▓.......................
▓..............)..(..(((
▓.......................
▓.............})....(...
▓#######+#############+#
*,,,*,,,,*,,,* ***≈≈≈≈≈
*,,,+,,,,+,,,* *,+≈***≈


You could see 3 hellions.

Vanquished Creatures
  the Serpent of Hell (D)
  Mennas (D)
  Mara (D)
  Boris (D)
  Geryon (D)
  Xtahua (D)
  Nikola (D)
  A Brimstone Fiend (D)
  2 liches (D)
  Rupert (D)
  A quicksilver dragon (D)
  A kraken (D)
  An Executioner (D)
  An ancient champion (D)
  2 titans (D)
  Harold (D)
  2 sphinxes (D)
  An acid blob (D)
  2 shadow dragons (D)
  Chuck (D)
  Gastronok (D)
  Roxanne (D)
  A storm dragon (D)
  A fire giant (D)
  4 azure jellies (D)
  2 draconian knights (D)
  A frost giant (D)
  2 ghost moths (D)
  5 stone giants (D)
  3 deep elf annihilators (D)
  A deep elf demonologist (D)
  Azrael (D)
  2 vampire knights (D)
  2 dire elephants (D)
  2 mummy priests (D)
  2 fire dragons (D)
  4 yaktaur captains (D)
  2 deep elf high priests (D)
  16 vault guards (D)
  An ogre mage (D)
  Erolcha (D)
  3 hydras (D)
  2 hell beasts (D)
  4 dancing weapons (D)
  2 centaur warriors (D)
  An alligator snapping turtle (D)
  A two-headed ogre (shapeshifter) (D)
  4 death yaks (D)
  Urug (D)
  2 orc high priests (D)
  2 titan zombies (D)
  2 deep elf knights (D)
  2 soul eaters (D)
  An iron golem (D)
  4 hell knights (D)
  2 sun demons (D)
  6 skeletal warriors (D)
  A death drake (D)
  A spriggan druid (D)
  2 obsidian statues (D)
  5 deep elf magi (D)
  Joseph (D)
  A lindwurm (D)
  2 orc knights (D)
  A mana viper (shapeshifter) (D)
  4 crystal guardians (D)
  6 ugly things (D)
  2 oklob plants (D)
  A moth of wrath (D)
  A cyclops (shapeshifter) (D)
  2 elephants (D)
  A shining eye (D)
  2 black mambas (D)
  3 statues (D)
  A stone giant skeleton (D)
  2 cane toads (D)
  A molten gargoyle (D)
  A komodo dragon (D)
  2 ice devils (D)
  13 guardian mummies (D)
  A rime drake (D)
  8 yaktaurs (D)
  An anaconda simulacrum (D)
  A queen bee (D)
  4 spriggan defenders (D)
  3 wandering mushrooms (D)
  A wind drake (shapeshifter) (D)
  2 tyrant leeches (D)
  2 hornets (D)
  7 slime creatures (D)
  5 snapping turtles (D)
  8 blink frogs (D)
  A redback (shapeshifter) (D)
  5 redbacks (D)
  A shadow (D)
  2 spriggans (D)
  3 iron troll simulacra (D)
  2 hell hounds (D)
  2 hydra simulacra (D)
  A floating eye (shapeshifter) (D)
  3 floating eyes (D)
  2 orc warriors (D)
  A swamp drake (D)
  A necrophage (D)
  A black mamba simulacrum (D)
  5 two-headed ogres (D)
  A water elemental (D)
  32 killer bees (D)
  5 electric eels (D)
  A jelly (D)
  3 orc priests (D)
  A wizard (D)
  Jessica (D)
  2 orc wizards (D)
  2 necromancers (D)
  A polar bear simulacrum (D)
  A wolf simulacrum (D)
  3 humans (D)
  A kobold demonologist (D)
  An ooze (D)
  A phantom (D)
  11 orcs (D)
  2 rats (D)
  A ballistomycete spore (D)
  A bush (D)
  A butterfly (D)
  A fungus (D)
  A plant (D)
321 creatures vanquished.

Vanquished Creatures (collateral kills)
  Sojobo (D)
  A deep elf mage (D)
2 creatures vanquished.

Vanquished Creatures (others)
  A deep elf blademaster (D)
  Nessos (D)
  A mummy priest (D)
  A shadow wraith (D)
  4 yaktaurs (D)
  A statue (D)
  A hornet (D)
  An orc priest (D)
  4 ball lightnings (D)
  3 ballistomycete spores (D)
  A bush (D)
  2 fungi (D)
  50 plants (D)
  5 tentacles (D)
76 creatures vanquished.

Grand Total: 399 creatures vanquished

Notes
Turn   | Place    | Note
-------+----------+-------------------------------------------
     0 | D        | reriks the Gargoyle Berserker began the quest for the Orb.
     0 | D        | Reached XP level 1. HP: 14/14 MP: 1/1
    24 | D        | Noticed Jessica
    32 | D        | Killed Jessica
    32 | D        | Reached ** piety under Trog
    33 | D        | Reached XP level 2. HP: 15/20 MP: 2/2
    33 | D        | Reached XP level 3. HP: 18/24 MP: 3/3
   208 | D        | Reached skill level 5 in Maces & Flails
   333 | D        | Reached *** piety under Trog
   334 | D        | Reached skill level 5 in Armour
   621 | D        | Noticed a water elemental
   639 | D        | Killed a water elemental
   640 | D        | Reached skill level 5 in Fighting
   640 | D        | Reached XP level 4. HP: 31/31 MP: 4/4
   693 | D        | Found a hide-covered altar of Uskayaw.
   693 | D        | Found a roughly hewn altar of Beogh.
   693 | D        | Found an iron altar of Okawaru.
   693 | D        | Found a bloodstained altar of Trog.
   693 | D        | Found an ornate altar of the Wu Jian Council.
   693 | D        | Noticed a human
   694 | D        | Noticed a human
   698 | D        | Killed a human
   699 | D        | Reached XP level 5. HP: 36/36 MP: 5/5
   699 | D        | Reached XP level 6. HP: 41/41 MP: 6/6
   713 | D        | Killed a human
   960 | D        | Found a basalt altar of Yredelemnul.
   960 | D        | Found a shadowy altar of Dithmenos.
   960 | D        | Found a sacrificial altar of Ru.
   960 | D        | Noticed a necrophage
   967 | D        | Killed a necrophage
   968 | D        | Reached skill level 5 in Dodging
   968 | D        | Reached XP level 7. HP: 48/48 MP: 7/7
   973 | D        | Reached **** piety under Trog
  1095 | D        | Found a radiant altar of Vehumet.
  1096 | D        | Found a shimmering blue altar of Sif Muna.
  1096 | D        | Found an ancient bone altar of Kikubaaqudgha.
  1104 | D        | Noticed a neqoxec
  1104 | D        | Reached ***** piety under Trog
  1206 | D        | Reached skill level 10 in Armour
  1261 | D        | Noticed a shadow
  1266 | D        | Killed a shadow
  1267 | D        | Reached skill level 10 in Maces & Flails
  1333 | D        | Found a glowing silver altar of Zin.
  1334 | D        | Found a glowing golden altar of the Shining One.
  1334 | D        | Found a white marble altar of Elyvilon.
  1334 | D        | Noticed a deep elf mage
  1353 | D        | Killed a deep elf mage
  1354 | D        | Reached XP level 8. HP: 55/55 MP: 8/8
  1767 | D        | Noticed a two-headed ogre
  1776 | D        | Killed a two-headed ogre
  1776 | D        | Received a gift from Trog
  2122 | D        | Noticed a two-headed ogre
  2141 | D        | Killed a two-headed ogre
  2142 | D        | Reached XP level 9. HP: 61/61 MP: 9/9
  2239 | D        | Noticed Erolcha
  2251 | D        | Killed Erolcha
  2252 | D        | Reached skill level 10 in Fighting
  2457 | D        | Noticed an orc high priest
  2473 | D        | Killed an orc high priest
  2475 | D        | Noticed an orc knight
  2485 | D        | Killed an orc knight
  2486 | D        | Reached XP level 10. HP: 58/68 MP: 10/10
  2506 | D        | Received a gift from Trog
  2917 | D        | Reached ****** piety under Trog
  2986 | D        | Received a gift from Trog
  3252 | D        | Found Unin's Antique Armour Boutique.
  3271 | D        | Bought a shiny plate armour for 650 gold pieces
  3291 | D        | Noticed a deep elf mage
  3291 | D        | Noticed a deep elf mage
  3291 | D        | Noticed a deep elf mage
  3291 | D        | Noticed a deep elf mage
  3291 | D        | Noticed a deep elf mage
  3319 | D        | Killed a deep elf mage
  3448 | D        | Killed a deep elf mage
  3508 | D        | Killed a deep elf mage
  3508 | D        | Received a gift from Trog
  3509 | D        | Reached skill level 15 in Armour
  3573 | D        | Noticed a sun demon
  3573 | D        | Killed a deep elf mage
  3615 | D        | Killed a deep elf mage
  3816 | D        | Received a gift from Trog
  3851 | D        | Reached XP level 11. HP: 68/76 MP: 3/11
  3864 | D        | Received a gift from Trog
  3893 | D        | Reached skill level 15 in Maces & Flails
  3900 | D        | Received a gift from Trog
  3913 | D        | Received a gift from Trog
  3930 | D        | Got an encrusted flail {god gift}
  4069 | D        | Identified the +8 flail of the Whale {antimagic, Dex+3}
                  | (Trog gifted it to you in the Dungeon)
  4103 | D        | Noticed Joseph
  4106 | D        | Noticed Harold
  4117 | D        | Killed Joseph
  4126 | D        | Killed Harold
  4216 | D        | Received a gift from Trog
  4534 | D        | Noticed a yaktaur captain
  4540 | D        | Noticed a skeletal warrior
  4550 | D        | Killed a skeletal warrior
  4551 | D        | Reached skill level 10 in Dodging
  4572 | D        | Noticed an obsidian statue
  4687 | D        | Killed an obsidian statue
  4771 | D        | Received a gift from Trog
  5004 | D        | Killed Nessos
  5190 | D        | Killed a mummy priest
  5192 | D        | Noticed a crystal guardian
  5192 | D        | Noticed a crystal guardian
  5192 | D        | Noticed a crystal guardian
  5212 | D        | Killed a crystal guardian
  5217 | D        | Killed a crystal guardian
  5328 | D        | Reached XP level 12. HP: 76/84 MP: 4/12
  5332 | D        | Found Xiawusm's Magic Scroll Emporium.
  5332 | D        | Found Zuetel's Gadget Shop.
  5332 | D        | Found Buytiah's General Store.
  5332 | D        | Found Musit's Antique Weapon Boutique.
  5332 | D        | Found Xino's Distillery.
  5332 | D        | Found Maiv's General Store.
  5332 | D        | Found Syriumenn's Antique Armour Shop.
  5332 | D        | Found Nageohiuj's Book Shop.
  5332 | D        | Found Quujamic's Armour Emporium.
  5332 | D        | Found Hestriregh's Jewellery Emporium.
  5332 | D        | Found Roakki's Weapon Boutique.
  5677 | D        | Bought a potion of curing for 36 gold pieces
  5677 | D        | Bought 2 potions of curing for 72 gold pieces
  5677 | D        | Bought a potion of flight for 36 gold pieces
  5677 | D        | Bought a potion of might for 48 gold pieces
  5678 | D        | Bought a scroll of identify for 28 gold pieces
  5678 | D        | Bought a scroll of identify for 28 gold pieces
  5678 | D        | Bought a scroll of identify for 28 gold pieces
  5678 | D        | Bought a scroll of enchant armour for 105 gold pieces
  5678 | D        | Bought a scroll of enchant armour for 105 gold pieces
  5682 | D        | Bought a +4 ring of evasion for 468 gold pieces
  5682 | D        | Bought an uncursed amulet of regeneration for 390 gold
                  | pieces
  5682 | D        | Bought an uncursed ring of see invisible for 195 gold
                  | pieces
  5693 | D        | Bought a pair of runed boots for 135 gold pieces
  5693 | D        | Bought a runed cloak for 135 gold pieces
  5865 | D        | Received a gift from Trog
  6037 | D        | Noticed a centaur warrior
  6050 | D        | Killed a centaur warrior
  6107 | D        | Noticed a fire dragon
  6125 | D        | Killed a fire dragon
  6168 | D        | Noticed a centaur warrior
  6179 | D        | Killed a centaur warrior
  6179 | D        | Received a gift from Trog
  6319 | D        | Got a crude morningstar
  6322 | D        | Identified the +6 morningstar of Myamim {freeze, rF+ Int+4}
                  | (You found it in the Dungeon)
  6390 | D        | Got a fading hand crossbow
  6405 | D        | Noticed a yaktaur captain
  6548 | D        | Killed a yaktaur captain
  6549 | D        | Reached XP level 13. HP: 91/91 MP: 13/13
  7004 | D        | Noticed Chuck
  7026 | D        | Reached skill level 15 in Fighting
  7357 | D        | Received a gift from Trog
  7467 | D        | Received a gift from Trog
  7545 | D        | Got a steaming dire flail {god gift}
  7551 | D        | Identified the +6 dire flail of Moreuz {flame, *Rage Dex+5
                  | SInv} (Trog gifted it to you in the Dungeon)
  7562 | D        | Noticed a lich
  7578 | D        | Killed a lich
  7612 | D        | Noticed a sphinx
  7612 | D        | Noticed a sphinx
  7627 | D        | Killed a sphinx
  7627 | D        | Received a gift from Trog
  7635 | D        | Killed a sphinx
  7780 | D        | Received a gift from Trog
  7781 | D        | Got an encrusted great mace {god gift}
  7818 | D        | Identified the +8 great mace "Podam" {vorpal, rElec} (Trog
                  | gifted it to you in the Dungeon)
  9135 | D        | Noticed a mummy priest
  9135 | D        | Noticed a mummy priest
  9549 | D        | Killed Chuck
  9602 | D        | Noticed Sojobo
  9617 | D        | Received a gift from Trog
  9633 | D        | Killed Sojobo
  9634 | D        | Gained mutation: Your large and strong wings let you fly
                  | indefinitely. [Gargoyle growth]
  9634 | D        | Reached XP level 14. HP: 24/100 MP: 14/14
  9708 | D        | Noticed a lich
  9714 | D        | Killed a lich
  9733 | D        | Received a gift from Trog
  9737 | D        | Noticed a shadow dragon
  9752 | D        | Killed a shadow dragon
  9760 | D        | Paralysed by an ogre mage for 5 turns
  9855 | D        | Noticed a shadow dragon
  9872 | D        | Killed a shadow dragon
 10613 | D        | Identified the +10 falchion of Prudence {vorpal, Dex+7}
 10634 | D        | Received a gift from Trog
 11391 | D        | Noticed a royal mummy
 11391 | D        | Noticed a royal mummy
 11632 | D        | Noticed a stone giant
 11632 | D        | Noticed a fire giant
 11632 | D        | Noticed a stone giant
 11632 | D        | Noticed a stone giant
 11632 | D        | Noticed a frost giant
 11632 | D        | Noticed a titan
 11632 | D        | Noticed a quicksilver dragon
 11680 | D        | Received a gift from Trog
 11772 | D        | Received a gift from Trog
 11801 | D        | Killed a stone giant
 11867 | D        | Killed a stone giant
 11875 | D        | Killed a frost giant
 11875 | D        | Received a gift from Trog
 12051 | D        | Reached XP level 15. HP: 108/108 MP: 15/15
 12070 | D        | Killed a titan
 12122 | D        | Noticed a titan
 12134 | D        | Killed a titan
 12145 | D        | Killed a quicksilver dragon
 12145 | D        | Received a gift from Trog
 12153 | D        | Killed a fire giant
 12166 | D        | Reached skill level 15 in Dodging
 12213 | D        | Received a gift from Trog
 12214 | D        | Got an iridescent dire flail {god gift}
 12279 | D        | Identified the Volume of Enchantment
 12281 | D        | Got a silver rune of Zot
 12539 | D        | Noticed Azrael
 12544 | D        | Killed Azrael
 12574 | D        | Acquired a manual of Fighting
 12576 | D        | Acquired a +1 helmet of see invisible
 12615 | D        | Received a gift from Trog
 12786 | D        | Received a gift from Trog
 12879 | D        | Noticed Gastronok
 12901 | D        | Killed Gastronok
 12904 | D        | Received a gift from Trog
 12906 | D        | Upgraded the game from 0.27-a0-34-gc18c9092ac to
                  | 0.27-a0-67-g4bfc8a49e1
 12966 | D        | Noticed an azure jelly
 12966 | D        | Noticed an azure jelly
 12966 | D        | Noticed an azure jelly
 12967 | D        | Noticed an azure jelly
 12969 | D        | Noticed Rupert
 12982 | D        | Killed Rupert
 12998 | D        | Killed an azure jelly
 13005 | D        | Killed an azure jelly
 13007 | D        | Killed an azure jelly
 13014 | D        | Killed an azure jelly
 13103 | D        | Reached XP level 16. HP: 120/120 MP: 16/16
 13106 | D        | Received a gift from Trog
 13147 | D        | Received a gift from Trog
 13465 | D        | Noticed a kraken
 13537 | D        | Killed a kraken
 13549 | D        | Found Ishregh's Distillery.
 13549 | D        | Found Zoopnuh's Antique Weapon Boutique.
 13549 | D        | Found Totugety's Book Shop.
 13592 | D        | Received a gift from Trog
 13662 | D        | Got a barnacled rune of Zot
 13665 | D        | Bought 2 potions of resistance for 220 gold pieces
 13665 | D        | Bought a potion of invisibility for 88 gold pieces
 13768 | D        | Received a gift from Trog
 13769 | D        | Noticed Urug
 13774 | D        | Killed Urug
 13798 | D        | Reached skill level 27 in Armour
 13875 | D        | Found Dodoxtei's Book Emporium.
 13875 | D        | Found Zesoup's Antique Weapon Shop.
 13875 | D        | Found Nahiadghaggi's Distillery.
 13889 | D        | Bought a potion of heal wounds for 65 gold pieces
 13889 | D        | Bought 2 potions of heal wounds for 130 gold pieces
 13889 | D        | Bought a potion of haste for 130 gold pieces
 13896 | D        | Noticed Xtahua
 13902 | D        | Received a gift from Trog
 13911 | D        | Killed Xtahua
 13950 | D        | Got a decaying rune of Zot
 13987 | D        | Found a blossoming altar of Fedhas.
 14051 | D        | Received a gift from Trog
 14342 | D        | Noticed an acid blob
 14351 | D        | Killed an acid blob
 14353 | D        | Gained mutation: You are clumsy. (Dex -2) [a shining eye]
 14354 | D        | Received a gift from Trog
 15268 | D        | Identified the cursed +0 ring mail of the Heavens {rF+
                  | Str-5 Int+6 Dex+3}
 15271 | D        | Noticed a Tzitzimitl
 15271 | D        | Noticed a deep elf blademaster
 15413 | D        | Killed a deep elf blademaster
 15457 | D        | Received a gift from Trog
 15613 | D        | Got a fine gossamer ring
 15618 | D        | Identified the Collected Works on Unstable Evil Rituals
 15619 | D        | Identified the Almanac of Ice and Shape Shifting
 15628 | D        | Identified the ring of Kisov {rElec rC- AC+4 Int+3} (You
                  | found it in the Dungeon)
 15629 | D        | Identified the +4 dire flail of Sudden Death {flame,
                  | Stlth+} (Trog gifted it to you in the Dungeon)
 15730 | D        | Reached skill level 1 in Throwing
 15787 | D        | Noticed Mennas
 15795 | D        | Received a gift from Trog
 15824 | D        | Killed Mennas
 15825 | D        | Reached skill level 5 in Throwing
 15831 | D        | Noticed Boris
 15840 | D        | Killed Boris
 15841 | D        | Reached XP level 17. HP: 39/132 MP: 17/17
 15845 | D        | Received a gift from Trog
 15967 | D        | Found Ahot's Armour Emporium.
 15967 | D        | Found Sues's Gadget Shop.
 15967 | D        | Found Duinkaf's Distillery.
 15967 | D        | Found Iblur's Distillery.
 15975 | D        | Noticed Roxanne
 16236 | D        | Noticed Mara
 16251 | D        | Killed Mara
 16299 | D        | Received a gift from Trog
 16300 | D        | Reached skill level 10 in Throwing
 16305 | D        | Noticed an ancient champion
 16308 | D        | Killed an ancient champion
 16328 | D        | Noticed Nikola
 16357 | D        | Killed Nikola
 16357 | D        | Received a gift from Trog
 16502 | D        | Found Kuhigeck's Distillery.
 16509 | D        | Bought a potion of heal wounds for 70 gold pieces
 16509 | D        | Bought a potion of haste for 140 gold pieces
 16529 | D        | Killed Roxanne
 16532 | D        | Received a gift from Trog
 16568 | D        | Bought a potion of haste for 110 gold pieces
 16568 | D        | Bought a potion of haste for 110 gold pieces
 16597 | D        | Received a gift from Trog
 16751 | D        | Received a gift from Trog
 16751 | D        | Noticed an Executioner
 16769 | D        | HP: 9/204 [Executioner (3)]
 16774 | D        | Killed an Executioner
 17037 | D        | Noticed Geryon
 17073 | D        | Received a gift from Trog
 17450 | D        | Killed Geryon
 17490 | D        | Noticed the Serpent of Hell
 17497 | D        | Noticed a Brimstone Fiend
 17502 | D        | Killed the Serpent of Hell
 17502 | D        | Received a gift from Trog
 17503 | D        | Reached skill level 27 in Fighting
 17503 | D        | Reached skill level 15 in Throwing
 17503 | D        | Reached XP level 18. HP: 138/145 MP: 18/18
 17514 | D        | Killed a Brimstone Fiend
 17574 | D        | HP: 2/145 [hellion/damnation (22)]
 17574 | D        | Killed from afar by a hellion

Illustrated notes

Levels and vault maps discovered:
D:        dungeon_sprint_mu [sprint_mu_entry_forest, sprint_mu_temple_rooms,
          sprint_mu_d1_spiders, sprint_mu_d2_genie, sprint_mu_d3_branching,
          sprint_mu_orc_legion, sprint_mu_elf_gauntlet, sprint_mu_hive_nellie,
          sprint_mu_lair_fedhas, sprint_mu_vaults_butterflies,
          sprint_mu_slime_circle, sprint_mu_swamp_cave, sprint_mu_shoals_kraken,
          sprint_mu_blade_basic, sprint_mu_crypt_fortress,
          sprint_mu_tomb_spiral, sprint_mu_vestibule_basic,
          sprint_mu_gehenna_hellfire, sprint_mu_dis_giant,
          sprint_mu_tartarus_statrot, sprint_mu_cocytus_islands, sprint_mu_zot1]

Skill      XL: |  1  2  3  4  5  6  7  8  9 10 11 12 13 14 15 16 17 |
---------------+----------------------------------------------------+-----
Armour         | 4 6 8 9 11 12 14 15 17 19 22 24 26 27 | 27.0
Fighting       | 4 5 6 7 8 9 10 11 13 14 16 18 20 24 27 | 27.0
Maces & Flails | 4 6 7 9 10 11 13 14 16 18 20 22 24 26 | 26.8
Dodging        | 2 3 4 5 6 8 9 10 11 13 14 16 19 22 | 22.6
Throwing       | 7 15 | 15.9

Action                   |  1- 3 |  4- 6 |  7- 9 | 10-12 | 13-15 | 16-18 || total
-------------------------+-------+-------+-------+-------+-------+-------++-------
Melee: Mace              |    29 |    25 |    91 |     8 |       |       ||   153
       Great mace        |       |       |       |   171 |   408 |   487 ||  1066
       Flail             |       |       |       |   237 |       |       ||   237
       Morningstar       |       |       |       |    15 |    91 |       ||   106
Throw: Javelin           |       |       |       |       |       |     1 ||     1
Invok: Berserk           |     4 |     2 |    10 |     9 |     7 |     9 ||    41
       Trog's Hand       |     1 |       |     1 |     7 |    13 |    17 ||    39
       Brothers in Arms  |       |       |     1 |     1 |     2 |     3 ||     7
 Abil: Fly               |       |       |       |       |     1 |       ||     1
  Use: Scroll            |     4 |       |       |     3 |     6 |     6 ||    19
       Potion            |       |       |       |       |     2 |     2 ||     4
 Stab: Distracted        |       |       |       |       |     1 |     2 ||     3
Armor: Animal skin       |     8 |     3 |     6 |     5 |       |       ||    22
       Plate armour      |       |       |       |   269 |   262 |   414 ||   945
Dodge: Dodged            |    13 |     8 |    41 |   244 |   271 |   443 ||  1020

Table legend: (Time is in decaauts) A = Elapsed time spent in this place. B = Non-inter-level travel time spent in this place. C = Inter-level travel time spent in this place. D = Time resting spent in this place. E = Time spent auto-exploring this place. F = Levels seen in this place. G = Mean time per level. A B C D E F G +--------+--------+--------+--------+--------+-----+--------+ Total | 17533 | 17106 | 427 | 12135 | 119 | 1 | 17533.0 | Dungeon | 17533 | 17106 | 427 | 12135 | 119 | 1 | 17533.0 | +--------+--------+--------+--------+--------+-----+--------+

Top non-repeatable levels by time:
       D: 17533 daAuts
